 Dungeon Crawl Stone Soup version 0.30.0-5-g1a98f26d00 (webtiles) character file.

Game seed: 7941431764186236133

16835 olmar the Protected (level 12, -3/110 HPs)
             Began as an Armataur Fighter on May 12, 2023.
             Was an Initiate of Gozag.
             Slain by Sonja
             ... wielding a +2 dagger of distortion
              (4 damage)
             ... on level 11 of the Dungeon.
             The game lasted 00:11:16 (8811 turns).

olmar the Protected (Armataur Fighter)              Turns: 8811, Time: 00:11:17

Health: -3/110     AC: 10    Str: 27    XL:     12   Next: 13%
Magic:  12/12      EV:  8    Int:  8    God:    Gozag
Gold:   602        SH:  5    Dex: 10    Spells: 11/11 levels left

rFire   . . .        I - +7 morningstar (freeze)
rCold   + + .        c - +0 buckler
rNeg    . . .        G - +0 scale mail {rC+}
rPois   .            (no helmet)
rElec   +            U - +0 cloak
rCorr   +            (no gloves)
SInv    +            (no barding)
Will    .....        y - amulet of regeneration
Stlth   ++           w - ring of resist corrosion
HPRegen 1.98/turn    e - +4 ring of slaying
MPRegen 0.13/turn

%: random rage (3%), roll
@: brilliant, gold aura
A: large, rugged brown scales 3, deformed body, armoured tail, roll, long
tongue, awkward tongue, hooves 1, see invisible, berserk 1, cold resistance 1,
regeneration 1, electricity resistance
a: Renounce Religion, Potion Petition, Call Merchant, Bribe Branch


You were on level 11 of the Dungeon.
You worshipped Gozag.
Gozag was pleased with you.
You visited 2 branches of the dungeon, and saw 12 of its levels.
You also visited: Sewer.

You collected 1984 gold pieces.
You paid 1382 gold pieces to Gozag.

Inventory:

Hand Weapons
 a - a +0 flail
 i - a +2 mace of holy wrath
 q - a +4 mace
 I - a +7 morningstar of freezing (weapon)
Missiles
 u - 3 silver boomerangs (quivered)
 A - 3 curare-tipped darts
 B - 30 poisoned darts
Armour
 b - a +0 scale mail
 c - a +0 buckler (worn)
 s - a +0 plate armour
 G - a +0 scale mail of cold resistance (worn)
 U - a +0 cloak (worn)
Jewellery
 e - a +4 ring of slaying (right hand)
 w - a ring of resist corrosion (left hand)
 y - an amulet of regeneration (around neck)
 R - a +6 ring of intelligence
 S - a ring of protection from cold
Wands
 F - a wand of paralysis (1)
 Q - a wand of light (3)
 V - a wand of flame (4)
 W - a wand of mindburst (3)
Scrolls
 f - a scroll of vulnerability
 h - a scroll of enchant armour
 j - a scroll of blinking
 k - 3 scrolls of amnesia
 p - 2 scrolls of immolation
 r - 2 scrolls of brand weapon
 v - 2 scrolls of poison {unknown}
 C - 2 scrolls of fog {unknown}
 D - 2 scrolls of magic mapping {unknown}
 E - 7 scrolls of teleportation {unknown}
 H - 2 scrolls of summoning {unknown}
 K - a scroll of silence {unknown}
 N - 3 scrolls of identify
Potions
 d - 2 potions of might
 g - a potion of haste {unknown}
 l - 4 potions of attraction
 m - 4 potions of curing
 n - a potion of mutation
 o - 5 potions of flight
 t - 3 potions of lignification {unknown}
 x - 3 potions of heal wounds
 z - 3 potions of magic {unknown}
 L - a potion of brilliance {unknown}
 M - 2 potions of resistance {unknown}
 O - a potion of degeneration {unknown}
 T - a potion of ambrosia {unknown}
Miscellaneous
 J - a phantom mirror


   Skills:
 + Level 8.4 Fighting
 + Level 11.3 Maces & Flails
 + Level 11.7 Armour
 + Level 8.8 Stealth
 + Level 8.5 Shields
 + Level 6.3 Evocations


You had 11 spell levels left.
You didn't know any spells.
Your spell library contained the following spells:

 Spells                   Type           Power      Damage    Failure   Level
 Magic Dart               Conj           0%         1d3       67%         1
 Sting                    Tmut/Pois      0%         1d3       67%         1
 Call Imp                 Summ           0%         N/A       80%         2
 Ensorcelled Hibernation  Hex/Ice        0%         N/A       80%         2
 Passwall                 Tmut/Erth      0%         N/A       80%         2
 Poisonous Vapours        Pois/Air       0%         N/A       80%         2
 Dazzling Flash           Conj/Hex       0%         N/A       95%         3
 Hailstorm                Conj/Ice       0%         3d3       95%         3
 Mephitic Cloud           Conj/Pois/Air  0%         N/A       95%         3
 Swiftness                Air            0%         N/A       95%         3
 Ice Form                 Ice/Tmut       0%         N/A       100%        4
 Olgreb's Toxic Radiance  Pois           0%         N/A       100%        4
 Agony                    Necr           0%         N/A       100%        5
 Silence                  Hex/Air        0%         N/A       100%        5
 Simulacrum               Ice/Necr       Unusable   N/A       N/A         6

Dungeon Overview and Level Annotations

Branches:
Dungeon (11/15)            Temple (1/1) D:4            Lair (0/5) D:8
  Sewer (visited)
    Orc: D:9-12

Altars:
Cheibriados
Dithmenos
Elyvilon
Fedhas
Gozag
Hepliaklqana
Kikubaaqudgha
Makhleb
Okawaru
Qazlal
Ru
Sif Muna
Uskayaw
Vehumet
Wu Jian

Shops:
D:6 :

Annotations:
D:5 2 runed translucent doors
D:11 Sonja


Innate Abilities, Weirdness & Mutations

You are completely covered in rugged brown scales. (AC +3, +7% HP)
Armour fits poorly on your strangely shaped body.
You have a long armoured tail.
You roll when moving toward enemies. (Rampage)
Your long tongue fully drains potion bottles. (2x potion effects)
Your tongue gives you trouble enunciating. (1.5x scroll delay)
You have large cloven feet.
You have supernaturally acute eyesight. (SInv)
You sometimes lose your temper in combat.
Your flesh is cold resistant. (rC+)
Your natural rate of healing is unusually fast.
You are resistant to electric shocks. (rElec)


Message History

Sonja hits you but does no damage. Space warps horribly around you!!
* * * LOW HITPOINT WARNING * * *
Sonja hits you but does no damage. Space warps around you.
* * * LOW HITPOINT WARNING * * *
Sonja hits you but does no damage.
The centaur shouts!
Unknown command.
Okay, then. [a] - 520 gold - heal wounds, curing, magic and brilliance [b] - 200 gold - resistance [c] - 476 gold - lignification, might and resistance Purchase which effect?
You no longer have enough gold to fund merchants seeking to open stores in the dungeon.
You feel much better.
You feel better. Magic courses through your body.
You feel clever all of a sudden.
Sonja hits you with a +2 dagger of distortion.
Sonja hits you but does no damage. Space warps horribly around you.
Sonja hits you but does no damage. Space warps around you.
The yak is distracted by your dazzling golden aura.
The yak gores you.
The yak bellows!
Unknown command.
You closely miss Sonja.
Your tail-slap misses Sonja.
The yak is no longer distracted by gold.
The centaur is no longer distracted by gold.
You block Sonja's attack. Sonja hits you but does no damage. x2
Space warps around you.
The centaur hits you but does no damage.
The centaur kicks you but does no damage.
The yak gores you. The yak gores you!
* * * LOW HITPOINT WARNING * * *
Sonja hits you with a +2 dagger of distortion.
* * * LOW HITPOINT WARNING * * *
Space warps horribly around you!
* * * LOW HITPOINT WARNING * * *
Sonja hits you with a +2 dagger of distortion.
* * * LOW HITPOINT WARNING * * *
Space warps around you.
You die...
Your body crumbles into a pile of gold.

##.......................
##........###.............
#.........# #.....#.......
..........###....###......
#...............#####.....
...............#######....
................#####.....
.................###......
.........@K.......#.......
........cYY..............
..........$..........
....................
...................
.)........#.......
........###......
.###..#####.....
#.#######....


You could see 2 yaks, Sonja and a centaur.

Vanquished Creatures
  Snorg (D:11)
  A boulder beetle (D:11)
  Erica (D:9)
  4 two-headed ogres
  Urug (D:11)
  Pikel (D:7)
  2 ugly things
  A cyclops (D:11)
  The ghost of turdburglar the Shield-Bearer, a novice TrFi (D:6)
  An unseen horror (D:4)
  A troll (D:10)
  A hornet (D:5)
  A yak (D:11)
  2 wraiths
  A shadow (D:10)
  A vampire (D:8)
  2 wyverns
  A steam dragon (D:9)
  Grum (D:8)
  2 water moccasins
  An ice beast (D:7)
  3 black bears
  3 orc warriors
  2 sky beasts
  3 ogres (D:5)
  2 wolves (D:8)
  6 centaurs
  4 lemures (D:7)
  2 phantoms (D:5)
  4 kobold brigands
  A gnoll sergeant (D:11)
  4 bullfrogs
  7 wights
  4 killer bees (D:8)
  14 howler monkeys
  3 jellies (D:5)
  3 orc priests
  A gnoll bouda (D:6)
  5 hounds
  5 iguanas (D:5)
  Natasha (twice) (D:2)
  7 orc wizards
  8 gnolls
  14 adders
  2 river rats (Sewer)
  A shadow imp (D:5)
  A white imp (D:5)
  2 ufetubi (D:7)
  3 worms
  3 dart slugs
  19 orcs
  5 ball pythons
  9 endoplasms
  A giant cockroach (D:4)
  2 goblins
  3 hobgoblins
  7 quokkas
  6 bats
  3 frilled lizards
  6 kobolds
  7 rats
215 creatures vanquished.

Vanquished Creatures (others)
  2 orc wizards (D:9)
2 creatures vanquished.

Grand Total: 217 creatures vanquished

Notes
Turn   | Place    | Note
-------+----------+-------------------------------------------
     0 | D:1      | olmar the Armataur Fighter began the quest for the Orb.
     0 | D:1      | Reached XP level 1. HP: 19/19 MP: 1/1
   432 | D:1      | Reached XP level 2. HP: 24/26 MP: 2/2
  1071 | D:2      | Noticed Natasha
  1077 | D:2      | Killed Natasha
  1078 | D:2      | Reached XP level 3. HP: 33/33 MP: 3/3
  1217 | D:2      | Noticed Natasha
  1226 | D:2      | Killed Natasha
  1227 | D:2      | Reached XP level 4. HP: 10/40 MP: 4/4
  1984 | D:4      | Found a staircase to the Ecumenical Temple.
  1991 | Temple   | Entered the Ecumenical Temple
  2004 | Temple   | Became a worshipper of Gozag Ym Sagoz the Greedy
  2047 | D:4      | Reached skill level 5 in Armour
  2047 | D:4      | Reached XP level 5. HP: 45/48 MP: 5/5
  2077 | D:4      | Found a glowing drain.
  2091 | Sewer    | Entered a sewer
  2219 | Sewer    | Reached XP level 6. HP: 36/54 MP: 6/6
  2871 | D:4      | Noticed a sky beast
  2875 | D:4      | Killed a sky beast
  2876 | D:4      | Reached XP level 7. HP: 63/63 MP: 7/7
  3528 | D:5      | Entered Level 5 of the Dungeon
  3596 | D:5      | Reached skill level 5 in Maces & Flails
  3660 | D:5      | Reached skill level 1 in Stealth
  3667 | D:5      | Noticed a hornet
  4074 | D:5      | Reached XP level 8. HP: 51/71 MP: 8/8
  4175 | D:5      | Gained mutation: Your natural rate of healing is unusually
                  | fast. [potion of mutation]
  4175 | D:5      | Gained mutation: You are resistant to electric shocks.
                  | (rElec) [potion of mutation]
  4175 | D:5      | Gained mutation: Your flesh is cold resistant. (rC+)
                  | [potion of mutation]
  4175 | D:5      | Gained mutation: You sometimes lose your temper in combat.
                  | [potion of mutation]
  4175 | D:5      | Gained mutation: You have supernaturally acute eyesight.
                  | (SInv) [potion of mutation]
  4175 | D:5      | Gained mutation: You have large cloven feet. [potion of
                  | mutation]
  4175 | D:5      | Noticed an unseen horror
  4175 | D:5      | HP: 1/71 [ogre/+0 giant spiked club (23)]
  4191 | D:4      | Killed an unseen horror
  4289 | D:4      | Reached skill level 10 in Armour
  4289 | D:4      | Reached XP level 9. HP: 84/84 MP: 9/9
  4289 | D:4      | Reached XP level 10. HP: 92/92 MP: 10/10
  4412 | D:5      | Found a stormy altar of Qazlal.
  4768 | D:5      | Found a large runed translucent door.
  4768 | D:5      | Found a large runed translucent door.
  4894 | D:5      | Found a large runed translucent door.
  4894 | D:5      | Found a large runed translucent door.
  5095 | D:6      | Found Sife's Vocational Training.
  5381 | D:6      | Found a runed translucent door.
  5381 | D:6      | Noticed turdburglar's ghost (novice TrFi)
  5698 | D:6      | Found a snail-covered altar of Cheibriados.
  5887 | D:6      | Found a radiant altar of Vehumet.
  5988 | D:6      | Killed turdburglar's ghost
  6234 | D:7      | Reached XP level 11. HP: 98/98 MP: 11/11
  6284 | D:7      | Found a shadowy altar of Dithmenos.
  6285 | D:7      | Noticed Pikel
  6286 | D:7      | Identified the +2 dagger "Eleosogg" {drain, +Blink Str+3
                  | Dex+3}
  6380 | D:7      | Killed Pikel
  6643 | D:8      | Found a burning altar of Makhleb.
  6881 | D:8      | Found a staircase to the Lair.
  7117 | D:8      | Noticed Grum
  7135 | D:8      | Killed Grum
  7526 | D:9      | Noticed a two-headed ogre
  7531 | D:9      | Killed a two-headed ogre
  7570 | D:9      | Noticed a two-headed ogre
  7575 | D:9      | Killed a two-headed ogre
  7576 | D:9      | Reached skill level 10 in Maces & Flails
  7588 | D:9      | Identified the +1 flail of Wisdom {flame, rCorr Stlth+}
  7709 | D:9      | Found an ancient bone altar of Kikubaaqudgha.
  7709 | D:9      | Found an iron altar of Okawaru.
  7709 | D:9      | Found a sacrificial altar of Ru.
  7836 | D:9      | Noticed Erica
  7840 | D:9      | Killed Erica
  8108 | D:10     | Entered Level 10 of the Dungeon
  8460 | D:10     | Noticed a two-headed ogre
  8465 | D:10     | Killed a two-headed ogre
  8574 | D:11     | Noticed a green ugly thing
  8589 | D:10     | Killed a green ugly thing
  8596 | D:10     | HP: 5/100 [poisoned by a green ugly thing]
  8660 | D:11     | Noticed a two-headed ogre
  8661 | D:11     | Noticed a boulder beetle
  8663 | D:11     | Noticed a red ugly thing
  8663 | D:11     | Noticed Snorg
  8665 | D:11     | Noticed Urug
  8671 | D:11     | Killed a two-headed ogre
  8673 | D:11     | Killed a red ugly thing
  8682 | D:11     | Killed Urug
  8686 | D:11     | Killed a boulder beetle
  8687 | D:11     | Reached XP level 12. HP: 50/110 MP: 12/12
  8695 | D:11     | Killed Snorg
  8802 | D:11     | Noticed Sonja
  8811 | D:11     | HP: 4/110 [Sonja/+2 dagger of distortion (17)]
  8811 | D:11     | HP: 1/110 [Sonja/+2 dagger of distortion (3)]
  8811 | D:11     | Slain by Sonja

Illustrated notes

Levels and vault maps discovered:
D:1:      psy_arrival_wood_between_worlds, layout_basic, minivault_26
D:2:      layout_rooms, minmay_misc_feat_rugged, uniq_natasha
D:3:      layout_rooms
D:4:      layout_basic, temple_green, portal_sewer_entry_f
D:5:      cheibrodos_fzero, layout_rooms, nicolae_qazlal_scattered_showers,
          hangedman_abyss_or_decor_stagger, minmay_hollow_rounded_squares
D:6:      layout_loops_ring, cheibrodos_worm_habitat,
          nicolae_overflow_hidden_temple, gammafunk_ghost_grave,
          nicolae_shop_vocational
D:7:      layout_cave_pools, nicolae_dithmenos_the_darkroom,
          kennysheep_generic_room_9, uniq_pikel
D:8:      layout_loops_corners, bloody_makhleb, dpeg_oklobed_lair, serial_glass,
          glass_columns_a, glass_columns_a, nzn_life_drinkers, uniq_grum
D:9:      layout_loops_ring, gammafunk_temple_overflow_forgotten, uniq_erica
D:10:     layout_basic
D:11:     layout_big_octagon, uniq_sonja, uniq_urug, uniq_snorg
Temple:   compressed_dpeg_circular_temple

Skill      XL: |  1  2  3  4  5  6  7  8  9 10 11 |
---------------+----------------------------------+-----
Maces & Flails | 2 3 4 5 8 9 11 | 11.3
Fighting       | 3 4 7 8 |  8.4
Armour         | 4 5 6 10 11 | 11.7
Shields        | 4 8 |  8.5
Stealth        | 1 7 8 |  8.8
Evocations     | 6 |  6.3

Action                     |  1- 3 |  4- 6 |  7- 9 | 10-12 || total
---------------------------+-------+-------+-------+-------++-------
  Melee: Flail             |    10 |       |       |       ||    10
         Tailslap          |     4 |    12 |     8 |    24 ||    48
         Mace              |    48 |    99 |    64 |    49 ||   260
         Kick              |       |       |     4 |    71 ||    75
         Morningstar       |       |       |       |   203 ||   203
 Invoke: Potion Petition   |       |       |       |     3 ||     3
  Evoke: Wand              |       |       |     3 |    20 ||    23
    Use: Scroll            |       |     8 |     5 |     2 ||    15
         Potion            |       |       |     5 |     2 ||     7
   Stab: Distracted        |       |     1 |       |     4 ||     5
         Paralysed         |       |       |     2 |     4 ||     6
         Sleeping          |       |       |       |     5 ||     5
         Invisible         |       |       |       |     1 ||     1
 Armour: Scale mail        |    15 |       |    13 |   101 ||   129
         Plate armour      |     5 |    63 |     5 |       ||    73
  Dodge: Dodged            |    19 |    14 |    13 |    88 ||   134
  Block: Buckler           |    13 |    20 |     9 |    58 ||   100
